 Dungeon Crawl Stone Soup version 0.32-a0-918-g0f22ef8d61 (webtiles) character file.

Game seed: 5790394644046263287

95 pokeman the Magician (level 4, 0/25 HPs)
             Began as a Deep Elf Hedge Wizard on Apr 10, 2024.
             Slain by a black bear (4 damage)
             ... on level 5 of the Dungeon.
             The game lasted 00:04:27 (3207 turns).

pokeman the Magician (Deep Elf Hedge Wizard)        Turns: 3207, Time: 00:04:28

Health: 0/25       AC:  3    Str:  7    XL:     4   Next: 39%
Magic:  3/13       EV: 11    Int: 21    God:
Gold:   117        SH:  0    Dex: 14    Spells: 6/14 levels left

rFire   . . .        r - +6 sling "Iwynom" {heavy, +Blink Stlth+}
rCold   . . .        (no shield)
rNeg    . . .        b - +0 robe
rPois   .            c - +0 hat
rElec   .            (no cloak)
rCorr   .            m - +0 pair of gloves
SInv    .            (no boots)
Will    .....        l - amulet of the acrobat
Stlth   +++          (no ring)
HPRegen 0.24/turn    (no ring)
MPRegen 0.13/turn

%: acrobat
@: no status effects
A: no striking features
a: Evoke Blink


You were on level 5 of the Dungeon.
You visited 1 branch of the dungeon, and saw 4 of its levels.

You collected 117 gold pieces.

Inventory:

Hand Weapons
 r - the +6 sling "Iwynom" (weapon) {heavy, +Blink Stlth+}
   (You found it on level 3 of the Dungeon)

   +Blink:    It lets you blink.
   Stlth+:    It makes you more stealthy.
Missiles
 j - a throwing net
Armour
 b - a +0 robe (worn)
 c - a +0 hat (worn)
 i - an orb of light
 m - a +0 pair of gloves (worn)
Jewellery
 l - an amulet of the acrobat (around neck)
Scrolls
 e - a scroll of identify {unknown}
 g - 3 scrolls of enchant weapon {unknown}
 k - a scroll of blinking {unknown}
 n - 3 scrolls of vulnerability {unknown}
 o - 2 scrolls of revelation {unknown}
 p - a scroll of poison {unknown}
 s - a scroll of noise {unknown}
Potions
 a - a potion of resistance {unknown}
 d - a potion of magic
 f - 4 potions of haste {unknown}
 h - a potion of lignification {unknown}
 q - a potion of berserk rage {unknown}


   Skills:
 - Level 1.0 Fighting
 - Level 1.0 Armour
 + Level 2.8 Dodging
 + Level 2.8 Stealth
 * Level 5.7 Spellcasting
 + Level 2.2 Conjurations
 - Level 1.1 Summonings
 - Level 1.1 Translocations


You had 6 spell levels left.
You knew the following spells:

 Your Spells              Type           Power      Damage    Failure   Level
a - Magic Dart            Conj           60%        1d6       4%          1
b - Mephitic Cloud        Conj/Alch/Air  9%         N/A       22%         3
c - Call Imp              Summ           20%        N/A       10%         2
d - Blink                 Tloc           20%        N/A       10%         2

Your spell library contained the following spells:

 Spells                   Type           Power      Damage    Failure   Level
 Slow                     Hex            24%        N/A       10%         1
 Cigotuvi's Dreadful Rot  Necr/Alch/Air  12%        N/A       16%         2


Dungeon Overview and Level Annotations

Branches:
Dungeon (5/15)
 Temple: D:4-7

Altars:
Wu Jian
Xom
Yredelemnul

Annotations:
D:3 2 transporters, croobank's ghost, amateur GnWn


Message History

The black bear is engulfed in noxious fumes.
The black bear appears confused.
Fire: r) +6 sling "Iwynom" {heavy, +Blink Stlth+}
Press: ? - help, Q - select action, (/) - cycle Shift-Dir - straight line, f/p - black bear
Aim: a black bear (noxious fumes, confused, 83% to hit)
You shoot a sling bullet. The sling bullet hits the black bear!
The black bear is moderately wounded.
You feel sick.
The black bear is engulfed in noxious fumes.
The scorpion is engulfed in noxious fumes.
The scorpion appears confused.
The scorpion is engulfed in noxious fumes.
The scorpion appears confused.
Unknown command.
Fire: r) +6 sling "Iwynom" {heavy, +Blink Stlth+}
Press: ? - help, Q - select action, (/) - cycle Shift-Dir - straight line, f/p - black bear
Aim: a black bear (moderately wounded, confused, 83% to hit)
You shoot a sling bullet. The sling bullet hits the black bear.
The black bear is heavily wounded.
You feel sick. The scorpion closely misses you.
The black bear is engulfed in noxious fumes.
The black bear appears confused.
Fire: r) +6 sling "Iwynom" {heavy, +Blink Stlth+}
Press: ? - help, Q - select action, (/) - cycle Shift-Dir - straight line, f/p - black bear
Aim: a black bear (heavily wounded, confused, 83% to hit)
You shoot a sling bullet.
The sling bullet barely misses the black bear.
You feel sick.
You are no longer poisoned.
The black bear bites you but does no damage.
The black bear closely misses you. x2; The scorpion closely misses you.
The black bear bites itself.
The black bear barely misses itself.
The black bear claws itself.
Fire: r) +6 sling "Iwynom" {heavy, +Blink Stlth+}
Press: ? - help, Q - select action, (/) - cycle Shift-Dir - straight line, f/p - black bear
Aim: a black bear (severely wounded, confused, 83% to hit)
You shoot a sling bullet. The sling bullet hits the black bear!
The black bear is almost dead.
The black bear barely misses you. The black bear claws you.
You die...

##############
#?.......>...#
#............#
#..........W@#####
#..........s.h)..#
#............###....
#............# ##
#............#
######.####### #.###
#...# ###5#


You could see a black bear (confused), a phantom and a scorpion (confused).

Vanquished Creatures
  An orc wizard (D:3)
  An adder (D:2)
  A white imp (D:5)
  4 dart slugs
  2 orcs (D:3)
  3 bats
  4 endoplasms
  2 giant cockroaches (D:2)
  4 goblins
  3 hobgoblins (D:1)
  2 kobolds (D:1)
  2 quokkas (D:1)
  A ball python (D:3)
  4 rats
34 creatures vanquished.

Vanquished Creatures (collateral kills)
  3 ribbon worms (D:2)
3 creatures vanquished.

Grand Total: 37 creatures vanquished

Notes
Turn   | Place    | Note
-------+----------+-------------------------------------------
     0 | D:1      | pokeman the Deep Elf Hedge Wizard began the quest for the
                  | Orb.
     0 | D:1      | Reached XP level 1. HP: 10/10 MP: 7/7
   368 | D:1      | Reached XP level 2. HP: 16/16 MP: 3/9
  1148 | D:1      | Reached skill level 5 in Spellcasting
  1527 | D:2      | Reached XP level 3. HP: 17/20 MP: 6/11
  1535 | D:2      | Learned a level 3 spell: Mephitic Cloud
  1538 | D:2      | Learned a level 2 spell: Call Imp
  1541 | D:2      | Learned a level 2 spell: Blink
  2276 | D:2      | Reached skill level 1 in Fighting
  2276 | D:2      | Reached skill level 1 in Armour
  2782 | D:3      | Reached XP level 4. HP: 20/25 MP: 0/13
  2886 | D:3      | Identified the +6 sling "Iwynom" {heavy, +Blink Stlth+}
  2991 | D:3      | Found an ornate altar of the Wu Jian Council.
  2993 | D:3      | Found a basalt altar of Yredelemnul.
  2999 | D:3      | Found a shimmering altar of Xom.
  3060 | D:3      | Found a transporter.
  3061 | D:3      | Found a transporter.
  3066 | D:3      | Noticed croobank's ghost (amateur GnWn)
  3135 | D:3      | You fall into a shaft and drop 2 floors!
  3135 | D:5      | Entered Level 5 of the Dungeon
  3136 | D:5      | Noticed a phantom
  3151 | D:5      | Noticed a phantom
  3163 | D:5      | Noticed an ogre
  3188 | D:5      | Noticed a scorpion
  3195 | D:5      | Noticed a black bear
  3207 | D:5      | Slain by a black bear

Illustrated notes

Levels and vault maps discovered:
D:1:      beargit_arrival_diablo_church, layout_basic
D:2:      wad_lake_hut, layout_loops_corners, nicolae_wormholes
D:3:      layout_loops_ring, gammafunk_temple_overflow_forgotten,
          gammafunk_ghost_gnarly_gnolls, minmay_checkerbox
D:5:      layout_rooms, nicolae_ossuary_entry_giza, portal_sewer_entry_d,
          uniq_menkaure, uniq_duvessa

Skill      XL: |  1  2  3 |
---------------+----------+-----
Spellcasting   | 5 |  5.7
Fighting       | 1 |  1.0
Armour         | 1 |  1.0
Conjurations   | 2 |  2.2
Dodging        | |  2.8
Stealth        | |  2.8
Summonings     | |  1.1
Translocations | |  1.1

Action                     |  1- 3 |  4- 6 || total
---------------------------+-------+-------++-------
  Melee: Dagger            |    19 |       ||    19
         Trident           |     3 |       ||     3
   Fire: Sling             |       |    12 ||    12
   Cast: Magic Dart        |    92 |     3 ||    95
         Mephitic Cloud    |     4 |     3 ||     7
         Call Imp          |     2 |     2 ||     4
         Blink             |       |     1 ||     1
   Stab: Confused          |     2 |       ||     2
 Armour: Robe              |    10 |     7 ||    17
  Dodge: Dodged            |    12 |    12 ||    24

Table legend: (Time is in decaauts)
 A = Elapsed time spent in this place.
 B = Non-inter-level travel time spent in this place.
 C = Inter-level travel time spent in this place.
 D = Time resting spent in this place.
 E = Time spent auto-exploring this place.
 F = Levels seen in this place.
 G = Mean time per level.
                   A        B        C        D        E       F      G
               +--------+--------+--------+--------+--------+-----+--------+
         Total |   3261 |   3150 |    111 |      0 |   2800 |   4 |  815.2 |
       Dungeon |   3261 |   3150 |    111 |      0 |   2800 |   4 |  815.2 |
               +--------+--------+--------+--------+--------+-----+--------+

Top non-repeatable levels by time:
     D:1: 1380 daAuts
     D:2: 1371 daAuts
     D:3: 432 daAuts
     D:5: 78 daAuts
